 Dungeon Crawl Stone Soup version 0.31-a0-236-g9a0961fb85 (webtiles) character file.

Game seed: 13705991563981209500

8957 Demosthentine the Spear-Bearer (level 11, 0/78 HPs)
             Began as a Demonspawn Gladiator on July 11, 2023.
             Was a Priest of Hepliaklqana.
             Slain by a white ugly thing (20 damage)
             ... on level 11 of the Dungeon.
             The game lasted 00:12:49 (9536 turns).

Demosthentine the Spear-Bearer (DsGl)               Turns: 9536, Time: 00:12:50

Health: 0/78       AC: 14    Str: 16    XL:     11   Next: 16%
Magic:  16/16      EV: 26    Int: 10    God:    Hepliaklqana [***...]
Gold:   639        SH:  5    Dex: 17    Spells: 10/10 levels left

rFire   + . .        a - +0 trident (elec)
rCold   . . .        D - +0 buckler
rNeg    . . .        r - +0 steam dragon scales
rPois   .            (helmet restricted)
rElec   .            o - +1 cloak
rCorr   .            C - +0 pair of gloves
SInv    .            N - +0 pair of boots
Will    .....        k - amulet of the acrobat
Stlth   ++           I - ring of the Hare {EV+10}
HPRegen 0.33/turn    f - ring of protection from fire
MPRegen 0.15/turn

%: acrobat
@: weak-willed, studying Polearms
A: reduced essence, horns 1, molten scales 2, foul stench 2, spiny 2
a: Renounce Religion, Recall Ancestor, Ancestor Identity, Transference


You were on level 11 of the Dungeon.
You worshipped Hepliaklqana.
Hepliaklqana was most pleased with you.
You visited 2 branches of the dungeon, and saw 12 of its levels.
You also visited: Sewer.

You collected 639 gold pieces.

Inventory:

Hand Weapons
 a - a +0 trident of electrocution (weapon)
 J - a +4 vampiric spear
Missiles
 e - 3 javelins
 K - 3 silver javelins
Armour
 o - a +1 cloak (worn)
 r - +0 steam dragon scales (worn)
 C - a +0 pair of gloves (worn)
 D - a +0 buckler (worn)
 N - a +0 pair of boots (worn)
Jewellery
 f - a ring of protection from fire (right hand)
 h - a ring of see invisible
 k - an amulet of the acrobat (around neck)
 B - a +6 ring of strength
 I - the ring of the Hare (left hand) {EV+10}
   (You found it on level 7 of the Dungeon)

   [ring of evasion]

   EV:        It affects your evasion (+10).
 L - a ring of protection from fire
 M - a ring of poison resistance
Wands
 m - a wand of polymorph (7)
 u - a wand of flame (49)
 y - a wand of digging (7)
 z - a wand of roots (23)
 A - a wand of quicksilver (10)
Scrolls
 c - a scroll of teleportation
 g - a scroll of torment
 i - 2 scrolls of butterflies
 j - a scroll of poison
 w - 4 scrolls of blinking
 G - a scroll of immolation
Potions
 b - a potion of lignification
 d - a potion of enlightenment
 l - 2 potions of mutation
 n - a potion of berserk rage
 p - 3 potions of might {unknown}
 q - 2 potions of resistance
 s - 3 potions of magic
 t - 2 potions of invisibility
 v - a potion of cancellation
 E - 2 potions of heal wounds
 F - 4 potions of curing
 H - 2 potions of haste {unknown}


   Skills:
 + Level 8.7 Fighting
 + Level 9.3 Polearms
 - Level 1.7 Throwing
 - Level 5.5 Armour
 + Level 8.2 Dodging
 - Level 4.3 Shields
 + Level 7.2 Invocations


You had 10 spell levels left.
You didn't know any spells.
Your spell library contained the following spells:

 Spells                   Type           Power      Damage    Failure   Level
 Apportation              Tloc           0%         N/A       43%         1
 Kiss of Death            Conj/Necr      0%         2d5       43%         1
 Necrotise                Necr           0%         1d4       43%         1
 Summon Small Mammal      Summ           0%         N/A       43%         1
 Confusing Touch          Hex            0%         N/A       82%         3
 Gell's Gravitas          Tloc           0%         N/A       82%         3
 Stone Arrow              Conj/Erth      0%         3d7       82%         3
 Teleport Other           Tloc           0%         N/A       82%         3
 Volatile Blastmotes      Fire/Tloc      0%         2d10      82%         3
 Animate Armour           Summ/Erth      0%         N/A       99%         4
 Dispel Undead            Necr           0%         3d6       99%         4
 Fulminant Prism          Conj/Hex       0%         3d5       99%         4
 Iskenderun's Mystic Bla  Conj/Tloc      0%         2d3       99%         4
 Summon Lightning Spire   Summ/Air       0%         N/A       99%         4
 Blade Hands              Tmut           0%         N/A       100%        5
 Lee's Rapid Deconstruct  Erth           0%         3d4*      100%        5
 Dispersal                Tloc           0%         N/A       100%        6
 Simulacrum               Ice/Necr       0%         N/A       100%        6
 Ozocubu's Refrigeration  Ice            0%         4d7       100%        7
 Lehudib's Crystal Spear  Conj/Erth      0%         10d2      100%        8
 Polar Vortex             Ice            0%         N/A       100%        9


Dungeon Overview and Level Annotations

Branches:
Dungeon (11/15)            Temple (1/1) D:6            Lair (0/5) D:9
    Orc (0/2) D:9           Sewer (visited)

Altars:
Ashenzari
Cheibriados
Dithmenos
Fedhas
Gozag
Hepliaklqana
Kikubaaqudgha
Makhleb
Nemelex Xobeh
Okawaru
Qazlal
Ru
Sif Muna
Trog
Uskayaw
Vehumet
Wu Jian
Xom
Yredelemnul
Jiyva

Annotations:
D:8 2 transporters


Innate Abilities, Weirdness & Mutations

Your life essence is reduced to manifest your ancestor. (-10% HP)
You have a pair of small horns on your head.
You are mostly covered in molten scales. (AC +3)
You sometimes emit foul miasma when damaged in melee.
You are mostly covered in sharp spines.


Message History

An orc priest is nearby!
A white ugly thing comes into view.
The orc priest shouts!
You hear a shout! x3
An orc priest comes into view. It is wielding a +0 hand axe.
An orc warrior comes into view. It is wielding a +0 trident.
Zola gestures at the orc priest while chanting.
The orc priest appears confused.
An orc wizard comes into view. It is wielding a +0 dagger.
The orc wizard shouts!
You hear a shout!
Zola gestures at the orc priest while chanting.
The orc priest resists with some effort.
The orc priest looks braver for a moment.
You reach to attack!
The orc warrior shouts!
You puncture the orc priest!
The orc priest is severely wounded.
You reach to attack!
You hit the orc priest but do no damage.
The orc priest is severely wounded.
The orc priest mumbles some strange prayers to Beogh against you.
Beogh smites you!
A wyvern comes into view.
You hit the orc priest but do no damage.
The orc priest is severely wounded.
The orc wizard gestures wildly while chanting.
The orc wizard flickers and vanishes!
Deactivating autopickup; reactivate with Ctrl-A.
The white ugly thing claws you. The white ugly thing freezes you!!
You hit the white ugly thing. You headbutt the white ugly thing.
The white ugly thing is lightly wounded.
An orc comes into view. It is wielding a +0 club.
The white ugly thing is struck by your spines.
The white ugly thing claws you! The white ugly thing freezes you!
Zola casts a spell at the orc priest.
The orc priest appears confused.
The white ugly thing attacks as you move away!
The white ugly thing claws you.
* * * LOW HITPOINT WARNING * * *
The white ugly thing freezes you!!
You die...

..........
#.....>...$..
............###.
.....#..........
.............. .
............ o..
#......###
...l.#......<.#
#..{.oo@.....##
#..o..uR........#
..................
.##..#...##........
#...##.##.........
.... #.. #..[.....
... ... #........
... ###. .......


You could see the friendly Zola the hexer (weak-willed), a white ugly thing, an
orc warrior, a wyvern, 2 orc priests and an orc.

Vanquished Creatures
  A two-headed ogre (D:8)
  Psyche (D:9)
  A kobold demonologist (D:9)
  A troll (D:10)
  2 wyverns (D:9)
  A shadow (D:10)
  A wraith (D:8)
  3 steam dragons (D:7)
  9 yaks
  Menkaure (D:4)
  Edmund (D:4)
  A water moccasin (D:7)
  6 orc warriors
  An ice beast (D:6)
  2 centaurs (D:10)
  5 phantoms
  Blork the orc (D:4)
  3 kobold brigands
  3 bullfrogs
  2 gnoll sergeants
  2 scorpions
  7 killer bees
  3 jellies
  4 orc priests
  4 sleepcaps
  Jessica (D:2)
  2 iguanas
  Ijyb (D:4)
  Natasha (thrice) (D:2)
  5 orc wizards
  9 gnolls
  6 river rats
  21 adders
  2 shadow imps
  3 white imps
  An ufetubus (D:5)
  2 worms
  4 dart slugs
  34 orcs
  6 bats
  5 endoplasms
  7 giant cockroaches
  5 goblins
  8 hobgoblins
  4 jackals (D:1)
  4 quokkas
  13 ball pythons
  3 frilled lizards
  31 kobolds
  31 rats
277 creatures vanquished.

Vanquished Creatures (collateral kills)
  A two-headed ogre (D:9)
  A yak (D:9)
  A steam dragon (D:8)
  4 orc warriors
  A sky beast (D:7)
  A black bear (D:9)
  2 bullfrogs
  2 orc wizards (D:10)
  10 orcs
  A kobold (D:7)
24 creatures vanquished.

Vanquished Creatures (others)
  2 hexers
  A kobold (D:7)
3 creatures vanquished.

Grand Total: 304 creatures vanquished

Notes
Turn   | Place    | Note
-------+----------+-------------------------------------------
     0 | D:1      | Demosthentine the Demonspawn Gladiator began the quest for
                  | the Orb.
     0 | D:1      | Reached XP level 1. HP: 16/16 MP: 1/1
   109 | D:1      | Gained mutation: You are partially covered in sharp spines.
                  | [demonic ancestry]
   109 | D:1      | Reached XP level 2. HP: 14/22 MP: 2/2
   304 | D:1      | Reached skill level 3 in Polearms
   319 | D:1      | Reached skill level 1 in Armour
   376 | D:1      | Gained mutation: You have a pair of small horns on your
                  | head. [demonic ancestry]
   376 | D:1      | Reached XP level 3. HP: 23/28 MP: 3/3
   740 | D:2      | Noticed Natasha
   746 | D:2      | Killed Natasha
   747 | D:2      | Gained mutation: You may rarely emit foul miasma when
                  | damaged in melee. [demonic ancestry]
   747 | D:2      | Reached XP level 4. HP: 27/34 MP: 4/4
   818 | D:2      | Noticed Jessica
   823 | D:2      | Killed Jessica
   942 | D:2      | Noticed Natasha
   945 | D:2      | Killed Natasha
   946 | D:2      | Reached XP level 5. HP: 38/41 MP: 5/5
  1188 | D:2      | Noticed Natasha
  1193 | D:2      | Killed Natasha
  1589 | D:3      | Found a glowing drain.
  1623 | Sewer    | Entered a sewer
  1670 | Sewer    | Gained mutation: You are partially covered in molten
                  | scales. (AC +2) [demonic ancestry]
  1670 | Sewer    | Reached XP level 6. HP: 41/48 MP: 6/6
  1754 | Sewer    | Reached skill level 4 in Polearms
  3055 | D:4      | Gained mutation: You are mostly covered in molten scales.
                  | (AC +3) [demonic ancestry]
  3055 | D:4      | Reached XP level 7. HP: 52/54 MP: 7/7
  3141 | D:4      | Noticed Ijyb
  3141 | D:4      | Noticed Edmund
  3156 | D:4      | Killed Edmund
  3157 | D:4      | Reached skill level 1 in Shields
  3162 | D:4      | Killed Ijyb
  3404 | D:4      | Noticed Menkaure
  3413 | D:4      | Killed Menkaure
  3526 | D:4      | Noticed Blork the orc
  3540 | D:4      | Killed Blork the orc
  3541 | D:4      | Reached XP level 8. HP: 35/61 MP: 8/8
  3630 | D:4      | Found a shadowy altar of Dithmenos.
  3824 | D:5      | Entered Level 5 of the Dungeon
  3896 | D:5      | Reached skill level 5 in Fighting
  3896 | D:5      | Reached skill level 5 in Dodging
  4031 | D:5      | Reached skill level 5 in Polearms
  4106 | D:5      | Found a blossoming altar of Fedhas.
  4701 | D:6      | Found a broken altar of Ashenzari.
  5082 | D:6      | Found a staircase to the Ecumenical Temple.
  5094 | Temple   | Entered the Ecumenical Temple
  5266 | Temple   | Became a worshipper of Hepliaklqana the Forgotten
  5746 | D:7      | Reached XP level 9. HP: 68/69 MP: 9/9
  5759 | D:7      | Reached skill level 5 in Armour
  5993 | D:7      | Found a hide-covered altar of Uskayaw.
  6069 | D:7      | Reached skill level 6 in Polearms
  6194 | D:7      | Found a bloodstained altar of Trog.
  6233 | D:7      | Reached * piety under Hepliaklqana
  6272 | D:7      | Found a stormy altar of Qazlal.
  6292 | D:7      | Found the ring of the Hare {EV+10}
  6875 | D:8      | Noticed a two-headed ogre
  6883 | D:8      | Killed a two-headed ogre
  7180 | D:8      | Gained mutation: You sometimes emit foul miasma when
                  | damaged in melee. [demonic ancestry]
  7180 | D:8      | Reached XP level 10. HP: 71/71 MP: 12/12
  7192 | D:8      | Found an iron altar of Okawaru.
  7214 | D:8      | Found a viscous altar of Jiyva.
  7316 | D:8      | Reached ** piety under Hepliaklqana
  7317 | D:8      | Remembered your ancestor Zola as a hexer
  7585 | D:8      | Found a transporter.
  7654 | D:8      | Found a transporter.
  7656 | D:8      | Identified a scroll of acquirement
  7656 | D:8      | Acquired a manual of Polearms
  7723 | D:9      | Reached skill level 7 in Polearms
  7754 | D:9      | Noticed Psyche
  7766 | D:9      | Killed Psyche
  7802 | D:9      | Noticed a two-headed ogre
  7813 | D:9      | Killed a two-headed ogre
  7814 | D:9      | Reached skill level 5 in Invocations
  7957 | D:9      | Reached skill level 8 in Polearms
  8039 | D:9      | Found a staircase to the Orcish Mines.
  8244 | D:9      | Found an opulent altar of Gozag.
  8556 | D:9      | Found a staircase to the Lair.
  8782 | D:10     | Entered Level 10 of the Dungeon
  8823 | D:10     | Gained mutation: You are mostly covered in sharp spines.
                  | [demonic ancestry]
  8823 | D:10     | Reached XP level 11. HP: 25/78 MP: 14/16
  8824 | D:10     | Reached skill level 9 in Polearms
  9186 | D:10     | Identified the +3 chain mail "Luty" {Will+ Int+6}
  9375 | D:10     | Identified the +3 morningstar "Baypnok" {flame, Int+3
                  | Dex+4}
  9417 | D:10     | Reached *** piety under Hepliaklqana
  9529 | D:11     | Noticed a white ugly thing
  9536 | D:11     | Slain by a white ugly thing

Illustrated notes

Levels and vault maps discovered:
D:1:      minmay_arrival_split_and_join, layout_rooms
D:2:      minmay_spotlight, layout_basic, uniq_natasha, uniq_jessica
D:3:      kennysheep_six_static_rooms, layout_loops_ring, portal_sewer_entry_a
D:4:      layout_rooms, nicolae_dithmenos_the_darkroom, uniq_ijyb, uniq_edmund,
          uniq_blork_the_orc, uniq_menkaure
D:5:      layout_basic, amcnicky_altar_gilded
D:6:      layout_loops_corners, nicolae_overflow_crystal_walls,
          minmay_temple_entry_glassed_door, mrwooster_statue_mirror
D:7:      layout_gridville, nicolae_uskayaw_suspiria, lemuel_round_altar,
          grunt_qazlal_sundering
D:8:      gammafunk_jiyva_shrine, layout_loops_corners,
          gammafunk_temple_overflow_elements, chequers_serial_rivers_small_a,
          grunt_ministairs_9
D:9:      layout_roguey, nicolae_gozag_cash_rules_everything_around_me,
          grunt_lair_entry_orc_guard_hut, david_orc_5, uniq_psyche
D:10:     layout_rooms
D:11:     layout_cave_pools, serial_shops, nicolae_shop_peninsula
Temple:   nicolae_temple_bog_church

Skill      XL: |  1  2  3  4  5  6  7  8  9 10 11 |
---------------+----------------------------------+-----
Polearms       | 3 4 5 6 8 9 |  9.3
Armour         | 1 2 3 4 5 |  5.5
Dodging        | 3 4 5 6 8 |  8.2
Fighting       | 3 4 5 7 8 |  8.7
Shields        | 1 3 4 |  4.3
Invocations    | 3 6 7 |  7.2
Throwing       | |  1.7

Action                     |  1- 3 |  4- 6 |  7- 9 | 10-12 || total
---------------------------+-------+-------+-------+-------++-------
  Melee: Trident           |    87 |   184 |   274 |   217 ||   762
         Headbutt          |     4 |    23 |    37 |    30 ||    94
         Punch             |       |     1 |     3 |       ||     4
         Unarmed           |       |     1 |       |       ||     1
  Throw: Throwing net      |       |     3 |     2 |       ||     5
 Invoke: Ancestor Life: He |       |       |       |     1 ||     1
    Use: Scroll            |     2 |    11 |     8 |     5 ||    26
         Potion            |       |       |     2 |       ||     2
   Stab: Sleeping          |     2 |     5 |     1 |     1 ||     9
         Confused          |       |       |       |     6 ||     6
         Distracted        |       |       |       |     2 ||     2
 Armour: Leather armour    |    22 |    41 |    40 |       ||   103
         Steam dragon scal |       |       |    15 |    14 ||    29
  Dodge: Dodged            |    63 |    83 |   136 |   132 ||   414
  Block: Buckler           |       |       |     4 |    36 ||    40

Table legend: (Time is in decaauts)
 A = Elapsed time spent in this place.
 B = Non-inter-level travel time spent in this place.
 C = Inter-level travel time spent in this place.
 D = Time resting spent in this place.
 E = Time spent auto-exploring this place.
 F = Levels seen in this place.
 G = Mean time per level.
                   A        B        C        D        E       F      G
               +--------+--------+--------+--------+--------+-----+--------+
         Total |   9596 |   9150 |    446 |    178 |   7114 |  13 |  738.2 |
       Dungeon |   8756 |   8310 |    446 |    178 |   6600 |  11 |  796.0 |
        Temple |    208 |    208 |      0 |      0 |    149 |   1 |  208.0 |
         Sewer |    630 |    630 |      0 |      0 |    365 |   1 |  630.0 |
               +--------+--------+--------+--------+--------+-----+--------+

Top non-repeatable levels by time:
     D:9: 1213 daAuts
     D:7: 1060 daAuts
     D:8: 1029 daAuts
     D:6: 1007 daAuts
     D:2: 900 daAuts
     D:3: 868 daAuts
     D:4: 797 daAuts
     D:1: 675 daAuts
     D:5: 643 daAuts
   Sewer: 630 daAuts
    D:10: 550 daAuts
  Temple: 208 daAuts
    D:11: 9 daAuts
